[Event "44th Chess Olympiad Women 2022"]
[Site "Chennai"]
[Date "2022.08.09"]
[Round "11.50"]
[White "Mazariegos, Silvia Carolina"]
[Black "Ben Said, Safa"]
[Result "1-0"]
[ECO "D02"]
[WhiteElo "1851"]
[BlackElo "1564"]
[Annotator "NA RC COMBH"]
[PlyCount "103"]
[EventDate "2022.07.29"]
[EventType "team-tourn"]
[EventCountry "IND"]
[SourceTitle "playchess.com"]
[Source "ChessBase"]
[SourceQuality "1"]
[WhiteTeam "Guatemala"]
[BlackTeam "Tunisia"]
[WhiteTeamCountry "GUA"]
[BlackTeamCountry "TUN"]
[TimeControl "40/5400+30:1800+30"]

1. d4 Nf6 2. Bf4 d5 3. e3 c5 4. c3 Qb6 5. Qc2 Nc6 6. Nd2 e6 7. Ngf3 Bd7 8. h3 Rc8 9. Rc1 Na5 10. Qb1 cxd4 11. exd4 Bb5 12. g4 Bxf1 13. Kxf1 Qa6+ 14. Kg2 Nc4 15. Rhe1 Bd6 16. Bxd6 Qxd6 17. Nxc4 Rxc4 18. Ne5 Rc7 19. Re2 O-O 20. Rce1 Ne4 21. f3 f6 22. fxe4 fxe5 23. dxe5 Qxe5 24. exd5 Qxd5+ 25. Qe4 Qxa2 26. Qxe6+ Qxe6 27. Rxe6 Rd8 28. Re8+ Rxe8 29. Rxe8+ Kf7 30. Rd8 Ke6 31. Rh8 h6 32. Ra8 b6 33. h4 Ke5 34. Rf8 Ke4 35. Kg3 Rd7 36. g5 hxg5 37. hxg5 Rd2 38. b4 a5 39. bxa5 bxa5 40. Kg4 Rg2+ 41. Kh5 a4 42. Ra8 Kd3 43. Rxa4 Kxc3 44. Kg6 Kd3 45. Ra5 Ke4 46. Kxg7 Rg1 47. g6 Rh1 48. Kg8 Rg1 49. g7 Rb1 50. Rh5 Kf4 51. Kh8 Kg4 52. Rh7 1-0

[Event "44th Chess Olympiad Women 2022"]
[Site "Chennai"]
[Date "2022.08.09"]
[Round "11.50"]
[White "Natareno, Elvia"]
[Black "Hwass Zeineb"]
[Result "0-1"]
[ECO "D04"]
[WhiteElo "1581"]
[BlackElo "1386"]
[Annotator "NA RC COMBH"]
[PlyCount "64"]
[EventDate "2022.07.29"]
[EventType "team-tourn"]
[EventCountry "IND"]
[SourceTitle "playchess.com"]
[Source "ChessBase"]
[SourceQuality "1"]
[WhiteTeam "Guatemala"]
[BlackTeam "Tunisia"]
[WhiteTeamCountry "GUA"]
[BlackTeamCountry "TUN"]
[TimeControl "40/5400+30:1800+30"]

1. d4 d5 2. Nf3 Nf6 3. e3 Bf5 4. b3 e6 5. Bb2 Bd6 6. Nc3 c6 7. Bd3 Bg6 8. Qe2 Ne4 9. O-O O-O 10. Ne5 f5 11. Nxg6 hxg6 12. f3 Nxc3 13. Bxc3 Kf7 14. e4 Rh8 15. e5 Be7 16. f4 Nd7 17. g4 c5 18. gxf5 gxf5 19. Rf3 cxd4 20. Bxd4 Nc5 21. Qg2 Ne4 22. Re1 Rh6 23. Kf1 Rg6 24. Qe2 Bb4 25. Rd1 Qh4 26. Bxe4 dxe4 27. Qb5 exf3 28. Qxb7+ Be7 29. Qxa8 Qh3+ 30. Ke1 Qg2 31. Bf2 Bb4+ 32. Rd2 Qh1+ 0-1

[Event "44th Chess Olympiad Women 2022"]
[Site "Chennai"]
[Date "2022.08.09"]
[Round "11.50"]
[White "Meddeb, Chadha"]
[Black "Juarez Garcia, Daniela"]
[Result "1-0"]
[ECO "C45"]
[WhiteElo "1561"]
[BlackElo "1725"]
[Annotator "NA RC COMBH"]
[PlyCount "130"]
[EventDate "2022.07.29"]
[EventType "team-tourn"]
[EventCountry "IND"]
[SourceTitle "playchess.com"]
[Source "ChessBase"]
[SourceQuality "1"]
[WhiteTeam "Tunisia"]
[BlackTeam "Guatemala"]
[WhiteTeamCountry "TUN"]
[BlackTeamCountry "GUA"]
[TimeControl "40/5400+30:1800+30"]

1. e4 e5 2. Nf3 Nc6 3. d4 exd4 4. Nxd4 Bc5 5. Be3 Qh4 6. Nc3 d6 7. Qd2 Bg4 8. Nd5 Rc8 9. Bb5 Bd7 10. Bxc6 bxc6 11. Nc3 Nf6 12. Nf3 Qh5 13. h3 O-O 14. Bxc5 Qxc5 15. O-O Be6 16. Rfe1 Rcd8 17. Qd4 Qh5 18. Qe3 c5 19. Rad1 c6 20. Qg5 Rd7 21. Re2 Rfd8 22. Red2 Qxg5 23. Nxg5 h6 24. Nf3 Rb8 25. b3 c4 26. Rxd6 cxb3 27. axb3 Rxd6 28. Rxd6 c5 29. Ra6 Rb7 30. Ne5 Rb4 31. f3 c4 32. bxc4 Bxc4 33. Rxa7 Be6 34. Rc7 Ne8 35. Rc5 Kf8 36. Kf2 Ke7 37. Nc6+ Kd6 38. Nxb4 Kxc5 39. Nd3+ Kc4 40. Ne2 Nd6 41. Ke3 Nb5 42. Ne5+ Kc5 43. Kd2 Nd4 44. Nf4 Ba2 45. Kc3 Nb5+ 46. Kb2 Bc4 47. Nxc4 Kxc4 48. Ne2 g5 49. Kc1 f6 50. Kd2 Nd6 51. Ng3 Kd4 52. Nf5+ Nxf5 53. exf5 h5 54. g3 Kc4 55. c3 h4 56. gxh4 gxh4 57. f4 Kc5 58. Kd3 Kd5 59. c4+ Kc5 60. Kc3 Kc6 61. Kd4 Kd6 62. c5+ Kc6 63. Kc4 Kc7 64. Kd5 Kd7 65. c6+ Kc7 1-0

[Event "44th Chess Olympiad Women 2022"]
[Site "Chennai"]
[Date "2022.08.09"]
[Round "11.50"]
[White "Mefteh, Meyssem"]
[Black "Lopez L., Dairyn D."]
[Result "0-1"]
[ECO "B06"]
[WhiteElo "1254"]
[BlackElo "1574"]
[Annotator "NA RC COMBH"]
[PlyCount "82"]
[EventDate "2022.07.29"]
[EventType "team-tourn"]
[EventCountry "IND"]
[SourceTitle "playchess.com"]
[Source "ChessBase"]
[SourceQuality "1"]
[WhiteTeam "Tunisia"]
[BlackTeam "Guatemala"]
[WhiteTeamCountry "TUN"]
[BlackTeamCountry "GUA"]
[TimeControl "40/5400+30:1800+30"]

1. e4 g6 2. d4 Bg7 3. Nc3 d6 4. f4 h5 5. h3 e5 6. Nf3 exd4 7. Nb5 Nc6 8. Bc4 a6 9. Nbxd4 Nxd4 10. Nxd4 Qh4+ 11. Kf1 Nh6 12. Nf3 Qe7 13. Kf2 O-O 14. Re1 c6 15. Bb3 b5 16. a4 Be6 17. c3 Bxb3 18. Qxb3 Rae8 19. axb5 axb5 20. Bd2 Qb7 21. Qc2 c5 22. Qd3 Rd8 23. Ra5 c4 24. Qe3 Rfe8 25. Nd4 f5 26. Rxb5 Qd7 27. Rd5 Rxe4 28. Qg3 Rxe1 29. Bxe1 Kh7 30. Qe3 Re8 31. Qd2 Re4 32. Kg1 Nf7 33. Nf3 Qa7+ 34. Kh2 Bh6 35. Bg3 Qe7 36. Ng5+ Bxg5 37. fxg5 Re2 38. Qd4 Rxb2 39. Qf6 Qb7 40. Qe6 Nxg5 41. h4 Nxe6 0-1

[Event "44th Chess Olympiad Women 2022"]
[Site "Chennai"]
[Date "2022.08.09"]
[Round "11.51"]
[White "Lyons, Kieran"]
[Black "Smith, Olivia"]
[Result "0-1"]
[ECO "C42"]
[WhiteElo "1767"]
[BlackElo "2038"]
[Annotator "NA RC"]
[PlyCount "86"]
[EventDate "2022.07.29"]
[EventType "team-tourn"]
[EventCountry "IND"]
[SourceTitle "playchess.com"]
[Source "ChessBase"]
[SourceQuality "1"]
[WhiteTeam "Fiji"]
[BlackTeam "Wales"]
[WhiteTeamCountry "FIJ"]
[BlackTeamCountry "WLS"]
[TimeControl "40/5400+30:1800+30"]

1. e4 e5 2. Nf3 Nf6 3. Nxe5 d6 4. Nf3 Nxe4 5. Bb5+ c6 6. Ba4 Be7 7. O-O O-O 8. Re1 d5 9. d3 Nc5 10. c3 Nxa4 11. Qxa4 Nd7 12. Nbd2 Nc5 13. Qc2 Bf5 14. Re3 a5 15. Nb3 a4 16. Nbd4 Bg6 17. Ne5 Bd6 18. Nxg6 fxg6 19. Bd2 Qh4 20. g3 Qg4 21. Qd1 Qd7 22. Qe2 Rf6 23. Kg2 Raf8 24. Rf1 h6 25. b3 Qf7 26. b4 Nd7 27. Re6 Be5 28. Rxf6 Qxf6 29. Qf3 Bxd4 30. Qxf6 Bxf6 31. d4 Bg5 32. f4 Bd8 33. Re1 Nf6 34. Re2 Re8 35. Rxe8+ Nxe8 36. Kf3 Nd6 37. h4 Kf7 38. Kg4 Ke6 39. Kf3 Ne4 40. Be1 g5 41. hxg5 hxg5 42. a3 gxf4 43. Kxf4 Bg5+ 0-1

[Event "44th Chess Olympiad Women 2022"]
[Site "Chennai"]
[Date "2022.08.09"]
[Round "11.51"]
[White "Chong, Kimberly"]
[Black "Sewak, Aarti"]
[Result "1-0"]
[ECO "C50"]
[WhiteElo "1741"]
[BlackElo "1412"]
[Annotator "NA RC COMBH"]
[PlyCount "83"]
[EventDate "2022.07.29"]
[EventType "team-tourn"]
[EventCountry "IND"]
[SourceTitle "playchess.com"]
[Source "ChessBase"]
[SourceQuality "1"]
[WhiteTeam "Wales"]
[BlackTeam "Fiji"]
[WhiteTeamCountry "WLS"]
[BlackTeamCountry "FIJ"]
[TimeControl "40/5400+30:1800+30"]

1. e4 e5 2. Nf3 Nc6 3. Bc4 d6 4. c3 Bg4 5. d3 Be7 6. Nbd2 h6 7. h3 Bd7 8. b4 a6 9. Qb3 Bf6 10. Bxf7+ Kf8 11. Bg6 Qe7 12. Qc2 Be6 13. O-O Qd7 14. Bf5 Bxf5 15. exf5 Qxf5 16. Ne4 Be7 17. Ng3 Qg6 18. Re1 Bf6 19. Re4 Nge7 20. Rg4 Qf7 21. Ne4 Nf5 22. Nxf6 Qxf6 23. d4 Re8 24. Re4 d5 25. dxe5 Nxe5 26. Rf4 Nxf3+ 27. Rxf3 Re1+ 28. Kh2 g6 29. g4 Kg8 30. gxf5 g5 31. Bxg5 hxg5 32. Rxe1 Qd6+ 33. Kg2 Kf7 34. Rfe3 Rd8 35. Re7+ Qxe7 36. Rxe7+ Kxe7 37. Qe2+ Kf8 38. Qh5 Rd6 39. Qxg5 Kf7 40. h4 Kf8 41. h5 Rd7 42. f6 1-0

[Event "44th Chess Olympiad Women 2022"]
[Site "Chennai"]
[Date "2022.08.09"]
[Round "11.51"]
[White "Terubea, Cydel"]
[Black "Ray, Hiya"]
[Result "1-0"]
[ECO "B34"]
[WhiteElo "1450"]
[BlackElo "1586"]
[Annotator "NA COMBH"]
[PlyCount "69"]
[EventDate "2022.07.29"]
[EventType "team-tourn"]
[EventCountry "IND"]
[SourceTitle "playchess.com"]
[Source "ChessBase"]
[SourceQuality "1"]
[WhiteTeam "Fiji"]
[BlackTeam "Wales"]
[WhiteTeamCountry "FIJ"]
[BlackTeamCountry "WLS"]
[TimeControl "40/5400+30:1800+30"]

1. e4 c5 2. Nf3 Nc6 3. d4 cxd4 4. Nxd4 g6 5. Nxc6 bxc6 6. Bd3 Bg7 7. c3 d6 8. Nd2 Nf6 9. h3 O-O 10. O-O Nd7 11. Nf3 Nc5 12. Bc2 Qb6 13. Nd4 a5 14. b3 Ne6 15. Be3 c5 16. Nxe6 Bxe6 17. Qd2 Rfd8 18. Rad1 d5 19. exd5 Bxd5 20. Qe1 Qc6 21. f3 c4 22. Bd4 e5 23. Be3 Rac8 24. Bd2 f5 25. Bg5 Bf6 26. Qh4 Bxg5 27. Qxg5 Re8 28. Bxf5 Be6 29. Be4 Qc5+ 30. Kh1 cxb3 31. axb3 Bxb3 32. Rd7 Be6 33. Rxh7 Rc7 34. Qxg6+ Kf8 35. Qf6+ 1-0

[Event "44th Chess Olympiad Women 2022"]
[Site "Chennai"]
[Date "2022.08.09"]
[Round "11.51"]
[White "Bagga, Khushi"]
[Black "Prasad, Tanvi"]
[Result "1-0"]
[ECO "C42"]
[WhiteElo "1328"]
[BlackElo "1165"]
[Annotator "NA RC COMBH"]
[PlyCount "67"]
[EventDate "2022.07.29"]
[EventType "team-tourn"]
[EventCountry "IND"]
[SourceTitle "playchess.com"]
[Source "ChessBase"]
[SourceQuality "1"]
[WhiteTeam "Wales"]
[BlackTeam "Fiji"]
[WhiteTeamCountry "WLS"]
[BlackTeamCountry "FIJ"]
[TimeControl "40/5400+30:1800+30"]

1. e4 e5 2. Nf3 Nf6 3. Nxe5 d6 4. Nf3 Nxe4 5. d3 Nf6 6. Be2 Be7 7. Nc3 Nc6 8. O-O O-O 9. d4 d5 10. Ne5 Nxe5 11. dxe5 Ne8 12. Nxd5 c6 13. Nxe7+ Qxe7 14. f4 Bf5 15. Be3 Nc7 16. Bc4 Rfd8 17. Qe2 Nd5 18. Bxd5 Rxd5 19. Qf2 b6 20. Bd4 Qb4 21. c3 Qe7 22. c4 Rd7 23. Be3 Rad8 24. Qf3 Qe6 25. b3 Bg4 26. Qf2 Bf5 27. Rfe1 Rd3 28. Rf1 f6 29. Rae1 fxe5 30. fxe5 g6 31. Bg5 R8d4 32. Be3 Rd7 33. g4 Bxg4 34. Qf8# 1-0

[Event "44th Chess Olympiad Women 2022"]
[Site "Chennai"]
[Date "2022.08.09"]
[Round "11.52"]
[White "Vasquez Jaen, Lourdes Lorena"]
[Black "Cho, Hung-Ling"]
[Result "0-1"]
[ECO "C61"]
[WhiteElo "1653"]
[BlackElo "1576"]
[Annotator "NA RC COMBH"]
[PlyCount "80"]
[EventDate "2022.07.29"]
[EventType "team-tourn"]
[EventCountry "IND"]
[SourceTitle "playchess.com"]
[Source "ChessBase"]
[SourceQuality "1"]
[WhiteTeam "Panama"]
[BlackTeam "Taiwan"]
[WhiteTeamCountry "PAN"]
[BlackTeamCountry "TPE"]
[TimeControl "40/5400+30:1800+30"]

1. e4 e5 2. Nf3 Nc6 3. Bb5 Nd4 4. Nxd4 exd4 5. c3 c6 6. Bc4 dxc3 7. Nxc3 Nf6 8. e5 d5 9. Bb3 Ne4 10. Nxe4 dxe4 11. Qe2 Qd4 12. O-O Be6 13. Bxe6 fxe6 14. Kh1 O-O-O 15. Qg4 Qxe5 16. Re1 Rd4 17. b3 Bd6 18. g3 e3 19. Qf3 Rd3 20. Ba3 Bxa3 21. dxe3 Rf8 22. Qe2 Qe4+ 23. Kg1 Bb4 24. Red1 Rfd8 25. h3 Rd2 26. Rxd2 Rxd2 27. Qh5 Qf5 28. Qe8+ Kc7 29. Rf1 Qxh3 30. Qf7+ Rd7 31. Qf4+ Bd6 32. Qf3 Qf5 33. Qe2 Rf7 34. Qc4 Qd5 35. Qg4 Qf5 36. Qc4 Rf6 37. e4 Qf3 38. Qd4 e5 39. Qxa7 Rh6 40. Qa5+ Kd7 0-1

[Event "44th Chess Olympiad Women 2022"]
[Site "Chennai"]
[Date "2022.08.09"]
[Round "11.52"]
[White "Castillo Beitia, Ashley Alexandra"]
[Black "Shih, Ching-An"]
[Result "1-0"]
[ECO "A42"]
[WhiteElo "1587"]
[BlackElo "1582"]
[Annotator "NA RC COMBH"]
[PlyCount "81"]
[EventDate "2022.07.29"]
[EventType "team-tourn"]
[EventCountry "IND"]
[SourceTitle "playchess.com"]
[Source "ChessBase"]
[SourceQuality "1"]
[WhiteTeam "Panama"]
[BlackTeam "Taiwan"]
[WhiteTeamCountry "PAN"]
[BlackTeamCountry "TPE"]
[TimeControl "40/5400+30:1800+30"]

1. d4 g6 2. c4 Bg7 3. Nc3 d6 4. e4 Nd7 5. Be3 e5 6. d5 Ne7 7. Bd3 O-O 8. Qd2 f5 9. f3 Nf6 10. Nge2 a6 11. O-O-O f4 12. Bf2 Bd7 13. g3 Nh5 14. g4 Nf6 15. c5 Nc8 16. Bc4 Kh8 17. Kb1 b5 18. cxb6 cxb6 19. a3 b5 20. Bd3 Rf7 21. Rc1 Be8 22. Rc2 Rb7 23. Na2 a5 24. Rhc1 Bd7 25. b4 Ne8 26. bxa5 b4 27. a6 Rc7 28. Nxb4 Rxc2 29. Qxc2 Qa5 30. Qb3 Rb8 31. Ka2 Ba4 32. Qc3 Ne7 33. a7 Rd8 34. Ba6 Nxd5 35. exd5 e4 36. Bd4 exf3 37. Nxf4 Nf6 38. Bxf6 Re8 39. Bxg7+ Kg8 40. Ne6 f2 41. Bf8 1-0

[Event "44th Chess Olympiad Women 2022"]
[Site "Chennai"]
[Date "2022.08.09"]
[Round "11.52"]
[White "Tsai, Sophie Yi-Hsuan"]
[Black "Chung Hurtado, Yaleika"]
[Result "0-1"]
[ECO "D78"]
[WhiteElo "1131"]
[BlackElo "1696"]
[Annotator "NA RC COMBH"]
[PlyCount "98"]
[EventDate "2022.07.29"]
[EventType "team-tourn"]
[EventCountry "IND"]
[SourceTitle "playchess.com"]
[Source "ChessBase"]
[SourceQuality "1"]
[WhiteTeam "Taiwan"]
[BlackTeam "Panama"]
[WhiteTeamCountry "TPE"]
[BlackTeamCountry "PAN"]
[TimeControl "40/5400+30:1800+30"]

1. d4 d5 2. c4 c6 3. g3 Nf6 4. Bg2 g6 5. Nf3 Bg7 6. O-O O-O 7. Re1 Nbd7 8. cxd5 cxd5 9. Nc3 Nb6 10. Ne5 e6 11. b3 a6 12. Ba3 Re8 13. Rc1 Nbd7 14. f4 Bf8 15. Bb2 b5 16. e4 Nb6 17. exd5 Nfxd5 18. Ne4 f6 19. Nc6 Qd7 20. Nxf6+ Nxf6 21. Ne5 Qa7 22. Bxa8 Qxa8 23. Nf3 Bb7 24. Ng5 Bd5 25. Qc2 Qb7 26. Qe2 h6 27. Nh3 Rc8 28. Rxc8 Nxc8 29. Rc1 Bd6 30. Nf2 Ne7 31. Ng4 Nxg4 32. Qxg4 Kg7 33. h4 h5 34. Qe2 Qb8 35. Qd2 Qf8 36. Rf1 Qf5 37. Kh2 Qe4 38. Re1 Qf3 39. Qe2 Qxe2+ 40. Rxe2 Kf6 41. Kg1 Kf5 42. Kf2 Kg4 43. Re3 Nf5 44. Rd3 Ne7 45. a3 b4 46. a4 Nc6 47. Bc1 Na5 48. Be3 Nxb3 49. f5 Bxg3+ 0-1

[Event "44th Chess Olympiad Women 2022"]
[Site "Chennai"]
[Date "2022.08.09"]
[Round "11.53"]
[White "Deng, Jing Xin Crystal"]
[Black "Nuha, Rilwan"]
[Result "1-0"]
[ECO "E12"]
[WhiteElo "1914"]
[BlackElo "1068"]
[Annotator "NA RC"]
[PlyCount "69"]
[EventDate "2022.07.29"]
[EventType "team-tourn"]
[EventCountry "IND"]
[SourceTitle "playchess.com"]
[Source "ChessBase"]
[SourceQuality "1"]
[WhiteTeam "Hong Kong"]
[BlackTeam "Maldives"]
[WhiteTeamCountry "HKG"]
[BlackTeamCountry "MDV"]
[TimeControl "40/5400+30:1800+30"]

1. d4 Nf6 2. c4 e6 3. Nf3 d5 4. Bg5 Be7 5. e3 O-O 6. Nc3 b6 7. Bd3 dxc4 8. Bxc4 Bb7 9. O-O Nbd7 10. Qe2 c5 11. Rfd1 Rc8 12. Ba6 Bxf3 13. Qxf3 Ra8 14. Bb7 Rb8 15. Bf4 cxd4 16. exd4 Ne8 17. Bxb8 Qxb8 18. Bc6 Ndf6 19. Ne4 Nd6 20. Nxd6 Bxd6 21. g3 Rc8 22. Rac1 Rc7 23. a3 a5 24. Bb5 Nd5 25. Rc6 Rxc6 26. Bxc6 Ne7 27. Be4 g6 28. Rc1 f5 29. Bb1 Kf7 30. Ba2 Qh8 31. Qe3 Qf6 32. Re1 Nd5 33. Bxd5 exd5 34. Qe8+ Kg7 35. Re6 1-0

[Event "44th Chess Olympiad Women 2022"]
[Site "Chennai"]
[Date "2022.08.09"]
[Round "11.53"]
[White "Leung, Hoi Ting"]
[Black "Kiyan Mohamed, Usamath"]
[Result "1-0"]
[ECO "A34"]
[WhiteElo "1277"]
[BlackElo "1100"]
[Annotator "NA RC COMBH"]
[PlyCount "99"]
[EventDate "2022.07.29"]
[EventType "team-tourn"]
[EventCountry "IND"]
[SourceTitle "playchess.com"]
[Source "ChessBase"]
[SourceQuality "1"]
[WhiteTeam "Hong Kong"]
[BlackTeam "Maldives"]
[WhiteTeamCountry "HKG"]
[BlackTeamCountry "MDV"]
[TimeControl "40/5400+30:1800+30"]

1. d4 Nf6 2. c4 c5 3. e3 cxd4 4. exd4 e6 5. Nc3 Be7 6. Nf3 b6 7. Bd3 O-O 8. Bf4 Bb7 9. O-O d5 10. cxd5 Nxd5 11. Nxd5 Bxd5 12. Ne5 f5 13. Bc4 Bxc4 14. Nxc4 Nc6 15. Be5 Bf6 16. Qe2 Nxe5 17. dxe5 Be7 18. Rfd1 Qc7 19. Rac1 Bc5 20. Nd6 Rfd8 21. b4 Bxf2+ 22. Qxf2 Qe7 23. Rc6 h6 24. Rdc1 Qd7 25. h3 Qe7 26. Qf3 Rab8 27. Qh5 Rf8 28. Rc7 Qg5 29. Qxg5 hxg5 30. Re7 Kh7 31. Rcc7 Rg8 32. Rxe6 Rbd8 33. Ree7 f4 34. Rxa7 Kg6 35. Re6+ Kh7 36. a4 Rgf8 37. Ree7 Rg8 38. a5 bxa5 39. bxa5 Rb8 40. Reb7 Rxb7 41. Rxb7 Re8 42. Nxe8 Kg6 43. a6 Kf5 44. a7 Kxe5 45. a8=Q Kf5 46. Qa5+ Ke6 47. Rb6+ Kf7 48. Qa7+ Kf8 49. Qxg7+ Kxe8 50. Rb5 1-0

[Event "44th Chess Olympiad Women 2022"]
[Site "Chennai"]
[Date "2022.08.09"]
[Round "11.53"]
[White "Nihaya, Ahmed"]
[Black "Kannappan, Sigappi"]
[Result "0-1"]
[ECO "B90"]
[WhiteElo "1233"]
[BlackElo "1914"]
[Annotator "TA"]
[PlyCount "72"]
[EventDate "2022.07.29"]
[EventType "team-tourn"]
[EventCountry "IND"]
[SourceTitle "playchess.com"]
[Source "ChessBase"]
[SourceQuality "1"]
[WhiteTeam "Maldives"]
[BlackTeam "Hong Kong"]
[WhiteTeamCountry "MDV"]
[BlackTeamCountry "HKG"]
[TimeControl "40/5400+30:1800+30"]

1. e4 c5 2. Nf3 d6 3. d4 cxd4 4. Nxd4 Nf6 5. Nc3 a6 6. a3 e6 {[%emt 0:01:37] B90: Sicilian Najdorf: Unusual White 6th moves, 6 Be3 Ng4 and 6 Be3 e5.} 7. Bd3 Be7 8. O-O O-O {[%emt 0:00:16] The position is equal.} 9. f4 Nc6 10. Nf3 b5 11. Kh1 Bb7 {[%emt 0:01:09] [#]} 12. e5 $146 ({Predecessor:} 12. Qe1 b4 13. axb4 Nxb4 14. Bd2 a5 15. Qg3 d5 16. e5 Ne4 17. Rae1 Nxg3+ {0-1 (17) Dushyant,S (2270)-Shipov,S (2541) Chess.com INT 2021}) 12... dxe5 13. fxe5 Nd7 14. Ng5 $2 {[%emt 0:14:17][%mdl 8192] [#] Now White is beyond hope.} Bxg5 $19 15. Bxh7+ Kxh7 16. Qh5+ Bh6 17. Bxh6 gxh6 18. Rxf7+ Rxf7 19. Qxf7+ Kh8 20. Qxe6 Qe7 21. Qxh6+ Qh7 22. Qd2 (22. Qxh7+ $142 Kxh7 23. e6) 22... Ncxe5 {[%emt 0:00:25] [#] Hoping for ...Rg8.} 23. Nd5 Rg8 {[%emt 0:08:51] Threatens to win with ...Ng4.} 24. Re1 Rg6 25. Re3 Rh6 26. h3 Rd6 27. c4 bxc4 28. Qb4 Rxd5 {[%emt 0:01:15] Black mates.} 29. Rxe5 Rxe5 ({Inferior is} 29... Nxe5 30. Qf8+ Qg8 31. Qh6+ Qh7 32. Qf8+ Qg8 33. Qh6+ Qh7 34. Qf8+ $11) 30. Qxb7 Qe7 31. Qc8+ Kg7 32. g4 Re1+ 33. Kg2 Qe4+ 34. Kg3 Re3+ 35. Kh4 Qh7+ 36. Kg5 Qh6+ {[%emt 0:00:13] Weighted Error Value: White=1.19/Black=0.02 (flawless)} 0-1

[Event "44th Chess Olympiad Women 2022"]
[Site "Chennai"]
[Date "2022.08.09"]
[Round "11.53"]
[White "Abdul Rasheed, Mariyam Laisa"]
[Black "Li, Joy Ching"]
[Result "0-1"]
[ECO "B34"]
[WhiteElo "1145"]
[BlackElo "1386"]
[Annotator "NA RC COMBH"]
[PlyCount "62"]
[EventDate "2022.07.29"]
[EventType "team-tourn"]
[EventCountry "IND"]
[SourceTitle "playchess.com"]
[Source "ChessBase"]
[SourceQuality "1"]
[WhiteTeam "Maldives"]
[BlackTeam "Hong Kong"]
[WhiteTeamCountry "MDV"]
[BlackTeamCountry "HKG"]
[TimeControl "40/5400+30:1800+30"]

1. e4 c5 2. Nf3 g6 3. d4 cxd4 4. Nxd4 Nc6 5. Nxc6 bxc6 6. Qd4 Nf6 7. e5 Qa5+ 8. Bd2 Qd5 9. Qc3 Ne4 10. Qe3 Bg7 11. f4 Nxd2 12. Nxd2 O-O 13. Qf3 Qa5 14. Bc4 d5 15. Bb3 f6 16. exf6 Rxf6 17. O-O-O Be6 18. g4 Raf8 19. g5 Rxf4 20. Qe3 Bg4 21. Rde1 e5 22. Rhf1 Kh8 23. Rxf4 Rxf4 24. Rf1 Qb6 25. Qg3 Rxf1+ 26. Nxf1 Qd4 27. Qe1 Qf4+ 28. Kb1 Qxg5 29. Qa5 Qf6 30. Nd2 e4 31. Ka1 Qxb2# 0-1

[Event "44th Chess Olympiad Women 2022"]
[Site "Chennai"]
[Date "2022.08.09"]
[Round "11.55"]
[White "Mouradian, Knarik"]
[Black "La Fleur, Zara"]
[Result "0-1"]
[ECO "C54"]
[WhiteElo "2121"]
[BlackElo "1513"]
[Annotator "NA RC"]
[PlyCount "80"]
[EventDate "2022.07.29"]
[EventType "team-tourn"]
[EventCountry "IND"]
[SourceTitle "playchess.com"]
[Source "ChessBase"]
[SourceQuality "1"]
[WhiteTeam "Lebanon"]
[BlackTeam "TTO"]
[WhiteTeamCountry "LBN"]
[TimeControl "40/5400+30:1800+30"]

1. e4 e5 2. Bc4 Bc5 3. Nf3 Nc6 4. d3 d6 5. c3 Nf6 6. Nbd2 O-O 7. O-O Bb6 8. Bb3 Be6 9. h3 Ne7 10. Nc4 Ng6 11. Re1 c6 12. Nxb6 Qxb6 13. Bc2 h6 14. d4 Rfe8 15. b3 Rac8 16. Be3 Qc7 17. Rc1 c5 18. d5 Bd7 19. Nh2 b5 20. Qf3 Nh4 21. Qg3 Ng6 22. Qf3 Nh4 23. Qe2 Qd8 24. g3 Ng6 25. Ng4 Nh7 26. h4 Ne7 27. f4 exf4 28. Bxf4 Nxd5 29. Qf3 Nxf4 30. Qxf4 Bxg4 31. Qxg4 Re5 32. Rf1 Nf6 33. Qf3 Qd7 34. Rcd1 Rce8 35. Qf4 a6 36. Rf2 Qc7 37. Rfd2 R8e6 38. Re2 Qe7 39. Kf1 Nxe4 40. Kg1 Nxc3 0-1

[Event "44th Chess Olympiad Women 2022"]
[Site "Chennai"]
[Date "2022.08.09"]
[Round "11.55"]
[White "James, Shemilah"]
[Black "Grishina, Alexandra"]
[Result "0-1"]
[ECO "B13"]
[WhiteElo "1590"]
[BlackElo "2012"]
[Annotator "TA"]
[PlyCount "104"]
[EventDate "2022.07.29"]
[EventType "team-tourn"]
[EventCountry "IND"]
[SourceTitle "playchess.com"]
[Source "ChessBase"]
[SourceQuality "1"]
[WhiteTeam "TTO"]
[BlackTeam "Lebanon"]
[BlackTeamCountry "LBN"]
[TimeControl "40/5400+30:1800+30"]

1. e4 c6 2. d4 d5 3. exd5 cxd5 4. Bd3 Nc6 5. c3 Nf6 6. Bf4 Bg4 7. Nf3 e6 8. Nbd2 Bd6 9. Bg3 Bxg3 {[%emt 0:05:34] B13: Caro-Kann: Exchange Variation and Panov-Botvinnik Attack.} 10. hxg3 Qd6 11. Qb3 O-O {[%emt 0:10:50] The position is equal.} 12. Qc2 {[%emt 0:06:18][%cal Rd3h7] [#]} h6 $146 ({Predecessor:} 12... g6 13. O-O Bxf3 14. Nxf3 Rab8 15. Rfe1 b5 16. b4 Rfc8 17. a4 Nxb4 18. Qd2 Nxd3 19. Qxd3 {0-1 (39) Nolte,O (1386)-Mundhenk,J (1386) Neumuenster 2008}) 13. O-O e5 (13... Rac8 $11) 14. dxe5 $14 Nxe5 15. Nxe5 Qxe5 16. Rfe1 Qh5 17. f3 Be6 18. g4 Qg5 (18... Bxg4 $2 19. fxg4 Qxg4 20. Re7 $18) 19. Nb3 (19. Nf1 $11 {should be considered.}) 19... h5 $15 20. gxh5 Nxh5 {[%emt 0:01:24] ...Nf4 is the strong threat.} 21. Nd4 (21. Bf1 $11 {keeps the balance.}) 21... Nf4 $17 22. Bh7+ Kh8 23. Bf5 Bxf5 (23... Rae8 $1 $17 24. Nxe6 fxe6) 24. Nxf5 $15 g6 (24... Nxg2 $5 25. Qxg2 Qxf5 $15) 25. Ne3 Kg7 {[%emt 0:02:04] Strongly threatening ...Rae8.} 26. Qd2 $1 Rh8 27. Qd4+ Qf6 (27... f6 $11 28. Ng4 Rae8 29. Qxa7 Rh1+ 30. Kxh1 Rxe1+ 31. Rxe1 Qh4+ 32. Kg1 Qxe1+ 33. Kh2 Qh4+ 34. Kg1 Qe1+ 35. Kh2 Qh4+ 36. Kg1 Qe1+) 28. Qxf6+ $16 Kxf6 29. g3 Nd3 30. Nxd5+ (30. Re2 $1 $16) 30... Kg7 $11 31. Re2 Rh3 {[%emt 0:00:54] And now ...Rah8 would win.} 32. Rg2 $2 {[%emt 0:02:41][%mdl 8192] White is on the road to losing.} (32. Rd1 $1 $11 {and White is okay.} Rxg3+ 33. Kf1) 32... Rah8 $19 33. Kf1 Rh1+ {[%emt 0:00:36][%mdl 64] Skewer} 34. Rg1 R8h2 35. Rxh1 Rxh1+ 36. Ke2 Rxa1 37. Kxd3 Rxa2 {[%emt 0:00:10][%mdl 4096] Endgame KR-KN} 38. b4 f5 39. Ke3 Rg2 40. Kf4 Rd2 41. Ke5 Rd3 42. g4 Rxf3 43. gxf5 Rxf5+ 44. Ke4 {[%emt 0:00:37] [#]} Rf1 (44... Rxd5 $142 $1 45. Kxd5 Kf6) 45. c4 Kf7 46. Ke5 g5 {[%emt 0:02:24][%cal Bg6g5,Bg5g4,Bg4g3][%mdl 32] White must now prevent ...Rf2.} 47. Kd6 Re1 (47... g4 $142 48. Ne3 {[#]} g3 $1 49. Ng2 Rf2 50. Nh4 g2 51. Nxg2 Rxg2 52. Kc5 Ke6 53. b5 Rb2 54. Kd4 Rb3 55. Ke4 a5 56. bxa6 bxa6 57. c5 a5 58. Kd4 a4 59. c6 a3 60. c7 Kd7 61. Kc4 Rg3 62. Kd4 a2 63. Ke5 a1=Q+ 64. Kf4 Qe1 65. c8=Q+ Kxc8 66. Kf5 Kc7 67. Kf6 Kd6 68. Kf7 Qe7#) 48. Kc7 g4 {[%emt 0:03:42] Black mates.} 49. Kxb7 g3 50. Nf4 Re4 51. Ng2 Rxc4 52. b5 Ra4 {[%emt 0:00:13] Weighted Error Value: White=0.85/Black=0.43} 0-1